 Dungeon Crawl Stone Soup version 0.30.0-10-gfe55d96785 (webtiles) character file.

Game seed: 18151652340307412939

1712 monsoonserge the Chiller (level 9, 0/65 HPs)
             Began as a Gnoll Ice Elementalist on May 14, 2023.
             Was an Initiate of Vehumet.
             Killed by divine providence
             ... invoked by an orc priest
              (9 damage)
             ... on level 6 of the Dungeon.
             The game lasted 00:14:23 (4699 turns).

monsoonserge the Chiller (Gnoll Ice Elementalist)   Turns: 4699, Time: 00:14:25

Health: 0/65       AC:  3    Str:  6 (8)  XL:     9   Next: 4%
Magic:  18/18      EV: 17    Int: 20 (22) God:    Vehumet [......]
Gold:   231        SH:  8    Dex: 11 (12) Spells: 13/20 levels left

rFire   . . .        C - +10 flail of Suzoxet {elec, rC++ Int+3 SInv Stlth-}
rCold   + + .        j - +0 buckler
rNeg    . . .        u - +0 leather armour
rPois   +            (no helmet)
rElec   .            (no cloak)
rCorr   .            (no gloves)
SInv    +            (no boots)
Will    .....        (no amulet)
Stlth   ++           c - ring of poison resistance
HPRegen 0.30/turn    a - +5 ring of evasion
MPRegen 0.16/turn

%: no passive effects
@: attractive
A: fangs 1, strong nose, distributed training, large bone plates 1
a: Renounce Religion


You were on level 6 of the Dungeon.
You worshipped Vehumet.
Vehumet was noncommittal.
You visited 2 branches of the dungeon, and saw 7 of its levels.

You collected 267 gold pieces.
You spent 36 gold pieces at shops.

Inventory:

Hand Weapons
 C - the +10 flail of Suzoxet (weapon) {elec, rC++ Int+3 SInv Stlth-}
   (You took it off a kobold brigand on level 4 of the Dungeon)

   Int:       It affects your intelligence (+3).
   rC:        It greatly protects you from cold.
   SInv:      It lets you see invisible.
   Stlth:     It makes you less stealthy.
Missiles
 z - 16 poisoned darts (quivered)
 F - 5 javelins
Armour
 j - a +0 buckler (worn)
 u - a +0 leather armour (worn)
 v - a +0 plate armour
Magical Staves
 m - a staff of earth
Jewellery
 a - a +5 ring of evasion (right hand)
 c - a ring of poison resistance (left hand)
 t - a ring of resist corrosion
 w - an amulet of guardian spirit
 B - a +6 ring of strength
Wands
 A - a wand of iceblast (10)
Scrolls
 d - 2 scrolls of vulnerability {unknown}
 f - a scroll of noise {unknown}
 h - 3 scrolls of amnesia {unknown}
 i - 2 scrolls of silence {unknown}
 k - a scroll of acquirement {unknown}
 l - 4 scrolls of blinking {unknown}
 n - 9 scrolls of identify {unknown}
 o - 2 scrolls of enchant armour {unknown}
 r - a scroll of fear {unknown}
 y - a scroll of teleportation
 D - a scroll of immolation {unknown}
 E - a scroll of fog {unknown}
Potions
 b - 2 potions of magic
 e - 2 potions of curing {unknown}
 g - a potion of might {unknown}
 p - 2 potions of attraction
 q - 2 potions of mutation
 s - a potion of degeneration
 x - 2 potions of lignification {unknown}


   Skills:
 + Level 4.0 Fighting
 + Level 4.0 Short Blades
 + Level 4.0 Long Blades
 + Level 4.0 Axes
 + Level 4.0 Maces & Flails
 + Level 4.0 Polearms
 + Level 4.0 Staves
 + Level 4.0 Ranged Weapons
 + Level 4.0 Throwing
 + Level 4.0 Armour
 + Level 6.1 Dodging
 + Level 5.8 Stealth
 + Level 4.0 Shields
 + Level 4.0 Unarmed Combat
 + Level 6.4 Spellcasting
 + Level 3.2 Conjurations
 + Level 3.2 Hexes
 + Level 3.2 Summonings
 + Level 3.2 Necromancy
 + Level 3.2 Translocations
 + Level 3.2 Transmutations
 + Level 3.2 Fire Magic
 + Level 7.9 Ice Magic
 + Level 3.2 Air Magic
 + Level 3.2 Earth Magic
 + Level 3.2 Poison Magic
 + Level 4.3 Invocations
 + Level 4.0 Evocations


You had 13 spell levels left.
You knew the following spells:

 Your Spells              Type           Power      Damage    Failure   Level
a - Freeze                Ice            100%       1d10      1%          1
b - Frozen Ramparts       Ice            76%        1d12      2%          3
c - Ozocubu's Armour      Ice            38%        N/A       2%          3

Your spell library contained the following spells:

 Spells                   Type           Power      Damage    Failure   Level
 Apportation              Tloc           38%        N/A       6%          1
 Magic Dart               Conj           76%        1d6       6%          1
 Searing Ray              Conj           38%        2d5       10%         2
 Summon Ice Beast         Ice/Summ       28%        N/A       24%         4
 Fulminant Prism          Conj/Hex       9%         3d7       54%         4
 Alistair's Intoxication  Tmut/Pois      12%        N/A       87%         5


Dungeon Overview and Level Annotations

Branches:
Dungeon (6/15)             Temple (1/1) D:5

Altars:
Cheibriados
Fedhas
Gozag
Hepliaklqana
Qazlal
Ru
Trog
Vehumet

Shops:
D:1 =?[

Annotations:
D:6 Prince Ribbit


Innate Abilities, Weirdness & Mutations

You have very sharp teeth.
Your uncanny sense of smell can sniff out nearby items.
Your experience applies equally to all skills.
You are partially covered in large bone plates. (SH +4)


Message History

Vehumet accepts your kill. The bullfrog misses you.
The bullfrog closely misses you.
You barely miss the bullfrog. The steam dragon barely misses you.
The steam dragon closely misses you.
The orc priest mumbles some strange prayers to Beogh against you.
Beogh smites you! The bullfrog barely misses you.
You block the steam dragon's attack. The steam dragon claws you.
You block the bullfrog's attack.
You miss the bullfrog. The bullfrog hits you.
An orc comes into view. It is wielding a +0 hand axe.
The steam dragon misses you.
The steam dragon claws you but does no damage.
The bullfrog misses you.
You thump the bullfrog!
You bite the bullfrog, but do no damage.
The bullfrog is heavily wounded.
The bullfrog misses you.
An orc wizard comes into view. It is wielding a +0 dagger.
The steam dragon bites you! The steam dragon barely misses you.
The orc priest calls down the wrath of Beogh upon you.
Beogh smites you!
* * * LOW HITPOINT WARNING * * *
It was a potion of attraction.
You feel attractive to monsters. The bullfrog closely misses you.
You block the steam dragon's attack. The steam dragon barely misses you.
Prince Ribbit blinks!
The bullfrog hits you but does no damage.
The orc wizard is attracted toward you.
It was a potion of mutation.
You feel extremely strange.
Large bone plates grow over parts of your arms.
The bullfrog misses you. The steam dragon bites you.
* * * LOW HITPOINT WARNING * * *
You block the steam dragon's attack.
It was a potion of degeneration.
There was something very wrong with that liquid.
You feel weakened.
You feel dopey.
You feel clumsy. The bullfrog misses you.
The orc priest mumbles some strange prayers to Beogh against you.
Beogh smites you!
You die...

# #.## ### ....
∆..# ..##..####<#
....ooD@F..######.
.§...o###.........
.#### ##.######
#<# #.# #.# ..#
#.# ##.∆


You could see a steam dragon, a bullfrog, an orc priest, an orc wizard and an
orc.

Vanquished Creatures
  Edmund (D:4)
  A sky beast (D:4)
  A black bear (D:4)
  An ice beast (D:5)
  4 ogres (D:5)
  3 kobold brigands
  3 scorpions (D:4)
  A bullfrog (D:3)
  A jelly (D:4)
  An orc priest (D:4)
  3 hounds
  Jessica (D:3)
  4 iguanas (D:4)
  An orc wizard (D:6)
  9 adders
  4 gnolls (D:5)
  2 worms
  A dart slug (D:4)
  11 orcs
  10 endoplasms
  3 giant cockroaches
  3 goblins
  2 hobgoblins (D:1)
  A jackal (D:1)
  13 kobolds
  3 quokkas
  11 ball pythons
  6 bats
  A frilled lizard (D:3)
  8 rats
114 creatures vanquished.

Notes
Turn   | Place    | Note
-------+----------+-------------------------------------------
     0 | D:1      | monsoonserge the Gnoll Ice Elementalist began the quest for
                  | the Orb.
     0 | D:1      | Reached XP level 1. HP: 13/13 MP: 6/6
   189 | D:1      | Reached XP level 2. HP: 9/19 MP: 7/7
   271 | D:1      | Found Yrgherew's Magic Scroll Boutique.
   298 | D:1      | Found Lijiniw's Jewellery Emporium.
   651 | D:1      | Found Silaruod's Armour Emporium.
   663 | D:1      | Reached skill level 5 in Spellcasting
   663 | D:1      | Reached XP level 3. HP: 18/25 MP: 7/9
  1154 | D:2      | Reached skill level 1 in Invocations
  1172 | D:2      | Learned a level 3 spell: Frozen Ramparts
  1176 | D:2      | Learned a level 3 spell: Ozocubu's Armour
  1264 | D:2      | Reached skill level 1 in Fighting
  1264 | D:2      | Reached skill level 1 in Short Blades
  1264 | D:2      | Reached skill level 1 in Long Blades
  1264 | D:2      | Reached skill level 1 in Axes
  1264 | D:2      | Reached skill level 1 in Maces & Flails
  1264 | D:2      | Reached skill level 1 in Polearms
  1264 | D:2      | Reached skill level 1 in Staves
  1264 | D:2      | Reached skill level 1 in Ranged Weapons
  1264 | D:2      | Reached skill level 1 in Throwing
  1264 | D:2      | Reached skill level 1 in Armour
  1264 | D:2      | Reached skill level 1 in Shields
  1264 | D:2      | Reached skill level 1 in Unarmed Combat
  1264 | D:2      | Reached skill level 1 in Evocations
  1449 | D:2      | Reached XP level 4. HP: 22/32 MP: 8/11
  1866 | D:3      | Found a hazy altar of Hepliaklqana.
  2083 | D:3      | Reached skill level 1 in Conjurations
  2083 | D:3      | Reached skill level 1 in Hexes
  2083 | D:3      | Reached skill level 1 in Summonings
  2083 | D:3      | Reached skill level 1 in Necromancy
  2083 | D:3      | Reached skill level 1 in Translocations
  2083 | D:3      | Reached skill level 1 in Transmutations
  2083 | D:3      | Reached skill level 1 in Fire Magic
  2083 | D:3      | Reached skill level 1 in Air Magic
  2083 | D:3      | Reached skill level 1 in Earth Magic
  2083 | D:3      | Reached skill level 1 in Poison Magic
  2127 | D:3      | Found a faded altar of an unknown god.
  2150 | D:3      | Noticed Jessica
  2157 | D:3      | Killed Jessica
  2158 | D:3      | Reached XP level 5. HP: 31/37 MP: 9/12
  2479 | D:1      | Bought a scroll of teleportation for 36 gold pieces
  2816 | D:4      | Reached XP level 6. HP: 38/44 MP: 12/14
  2825 | D:4      | Reached skill level 5 in Dodging
  2971 | D:4      | Reached XP level 7. HP: 48/51 MP: 15/15
  3030 | D:4      | Identified the +10 flail of Suzoxet {elec, rC++ Int+3 SInv
                  | Stlth-}
  3048 | D:4      | Reached skill level 5 in Stealth
  3352 | D:4      | Noticed Edmund
  3367 | D:4      | Killed Edmund
  3510 | D:4      | You fall into a shaft and drop 1 floor!
  3510 | D:5      | Entered Level 5 of the Dungeon
  3541 | D:4      | Found a stormy altar of Qazlal.
  3550 | D:4      | Reached XP level 8. HP: 58/58 MP: 16/16
  3679 | D:4      | Found a bloodstained altar of Trog.
  4178 | D:5      | Found a staircase to the Ecumenical Temple.
  4203 | Temple   | Entered the Ecumenical Temple
  4278 | Temple   | Became a worshipper of Vehumet
  4690 | D:6      | Reached XP level 9. HP: 57/65 MP: 18/18
  4691 | D:6      | Noticed Prince Ribbit
  4698 | D:6      | Gained mutation: You are partially covered in large bone
                  | plates. (SH +4) [potion of mutation]
  4699 | D:6      | Killed from afar by an orc priest

Illustrated notes

Levels and vault maps discovered:
D:1:      erik_arrival_cave_to_civilisation [erik_arrival_cave_to_hall],
          layout_basic, serial_shops, nicolae_shop_crystal, shop,
          nicolae_shop_waterfront, serial_corexii_hall, corexii_hall_statues_t,
          chequers_hall_statues_wall_a, minmay_liquid_box
D:2:      layout_loops_cross, st_stairs_13
D:3:      layout_basic, amcnicky_altar_gilded,
          nicolae_ecumenical_snake_handling, serial_glass, glass_columns_a,
          glass_columns_c, uniq_jessica
D:4:      cheibrodos_thug_alley, layout_cave_pools,
          nicolae_qazlal_beasts_of_the_sky, lemuel_crystal_altar, uniq_edmund
D:5:      layout_loops_ring, minmay_temple_entry_ruins
D:6:      wad_crossroads, layout_loops_ring, gup_sewer_entry_bowl, uniq_maggie,
          uniq_prince_ribbit1
Temple:   regret_index_temple_sphere_string

Skill      XL: |  1  2  3  4  5  6  7  8 |
---------------+-------------------------+-----
Spellcasting   | 5 6 |  6.4
Invocations    | 1 2 3 4 |  4.3
Fighting       | 1 2 3 4 |  4.0
Short Blades   | 1 2 3 4 |  4.0
Long Blades    | 1 2 3 4 |  4.0
Axes           | 1 2 3 4 |  4.0
Maces & Flails | 1 2 3 4 |  4.0
Polearms       | 1 2 3 4 |  4.0
Staves         | 1 2 3 4 |  4.0
Ranged Weapons | 1 2 3 4 |  4.0
Throwing       | 1 2 3 4 |  4.0
Armour         | 1 2 3 4 |  4.0
Shields        | 1 2 3 4 |  4.0
Unarmed Combat | 1 2 3 4 |  4.0
Evocations     | 1 2 3 4 |  4.0
Conjurations   | 1 2 3 |  3.2
Hexes          | 1 2 3 |  3.2
Summonings     | 1 2 3 |  3.2
Necromancy     | 1 2 3 |  3.2
Translocations | 1 2 3 |  3.2
Transmutations | 1 2 3 |  3.2
Fire Magic     | 1 2 3 |  3.2
Air Magic      | 1 2 3 |  3.2
Earth Magic    | 1 2 3 |  3.2
Poison Magic   | 1 2 3 |  3.2
Dodging        | 5 6 |  6.1
Stealth        | 5 |  5.8
Ice Magic      | |  7.9

Action                     |  1- 3 |  4- 6 |  7- 9 || total
---------------------------+-------+-------+-------++-------
  Melee: Dagger            |    52 |    73 |    21 ||   146
         Unarmed           |     3 |       |       ||     3
         Club              |     2 |       |       ||     2
         Bite              |     1 |     8 |     8 ||    17
         Punch             |     1 |       |       ||     1
         Flail             |       |       |    88 ||    88
  Throw: Dart              |       |     5 |     1 ||     6
   Cast: Freeze            |    17 |    20 |     3 ||    40
         Ozocubu's Armour  |       |     1 |     7 ||     8
         Frozen Ramparts   |       |     1 |     5 ||     6
    Use: Potion            |       |       |     3 ||     3
   Stab: Sleeping          |     8 |     3 |     1 ||    12
 Armour: Robe              |    12 |       |       ||    12
         Leather armour    |     2 |    12 |     9 ||    23
  Dodge: Dodged            |    30 |    54 |    97 ||   181
  Block: Buckler           |     4 |    11 |    29 ||    44
